 Dungeon Crawl Stone Soup version 0.30-a0-4-ga7cffc901d (webtiles) character file.

Game seed: 17564955169895326040

643 Setbun the Slicer (level 7, -1/40 HPs)
             Began as a Kobold Brigand on Aug 20, 2022.
             Slain by a black bear (4 damage)
             ... on level 5 of the Dungeon.
             The game lasted 00:04:23 (4277 turns).

Setbun the Slicer (Kobold Brigand)                  Turns: 4277, Time: 00:04:23

Health: -1/40      AC: 10    Str:  9    XL:     7   Next: 81%
Magic:  16/16      EV: 14    Int: 12    God:
Gold:   199        SH:  0    Dex: 18    Spells: 6/6 levels left

rFire   . . .      SeeInvis .    a - +2 dagger
rCold   . . .      Faith    .    (no shield)
rNeg    . . .      Spirit   .    b - +0 robe
rPois   .          Reflect  .    (no helmet)
rElec   .          Harm     .    c - +0 cloak
rCorr   .          Rampage  .    i - +2 pair of gloves
Will    .....                    (no boots)
Stlth   ++++......               (no amulet)
HPRegen 0.13/turn                o - ring of magical power
MPRegen 0.15/turn                C - +4 ring of protection

@: hasted, very quick
A: small, no large weapons, nightstalker 3
a: no special abilities


You were on level 5 of the Dungeon.
You visited 1 branch of the dungeon, and saw 5 of its levels.

You collected 199 gold pieces.

Inventory:

Hand Weapons
 a - a +2 dagger (weapon)
Missiles
 d - 20 poisoned darts (quivered)
 e - 5 curare-tipped darts
Armour
 b - a +0 robe (worn)
 c - a +0 cloak (worn)
 i - a +2 pair of gloves (worn)
Jewellery
 o - a ring of magical power (left hand)
 C - a +4 ring of protection (right hand)
Wands
 q - a wand of mindburst (3)
Scrolls
 g - 2 scrolls of teleportation {unknown}
 h - a scroll of magic mapping {unknown}
 j - 6 scrolls of identify {unknown}
 l - a scroll of vulnerability {unknown}
 n - 2 scrolls of fog {unknown}
 r - 2 scrolls of enchant weapon {unknown}
 v - a scroll of noise {unknown}
 w - a scroll of enchant armour {unknown}
 x - a scroll of summoning {unknown}
 y - a scroll of immolation {unknown}
Potions
 f - a potion of haste
 k - a potion of resistance {unknown}
 m - a potion of cancellation {unknown}
 p - a potion of curing {unknown}
 s - a potion of ambrosia {unknown}
 t - a potion of heal wounds {unknown}
 u - a potion of lignification {unknown}
 z - 2 potions of flight {unknown}
 A - a potion of degeneration {unknown}
 B - 2 potions of might {unknown}


   Skills:
 - Level 2.1 Fighting
 * Level 10.7 Short Blades
 - Level 2.1 Throwing
 - Level 1.2 Dodging
 - Level 5.3 Stealth


You had 6 spell levels left.
You didn't know any spells.
Your spell library contained the following spells:

 Spells                   Type           Power      Damage    Failure   Level
 Foxfire                  Conj/Fire      0%         2x1d4     32%         1
 Blink                    Tloc           0%         N/A       45%         2
 Ensorcelled Hibernation  Hex/Ice        0%         N/A       45%         2
 Poisonous Vapours        Pois/Air       0%         N/A       45%         2
 Static Discharge         Conj/Air       0%         3-3/arc   45%         2
 Sublimation of Blood     Necr           0%         N/A       45%         2
 Conjure Flame            Conj/Fire      0%         6-21      69%         3
 Ignite Poison            Fire/Tmut/Pois 0%         N/A       69%         3
 Inner Flame              Hex/Fire       0%         N/A       69%         3
 Spider Form              Tmut/Pois      0%         N/A       69%         3
 Anguish                  Hex/Necr       0%         N/A       97%         4
 Corpse Rot               Necr/Pois/Air  0%         N/A       97%         4
 Flame Wave               Conj/Fire      0%         2d4       97%         4
 Petrify                  Tmut/Erth      0%         N/A       97%         4
 Sticky Flame             Conj/Fire      0%         2d3       97%         4
 Irradiate                Conj/Tmut      0%         3d11      100%        5
 Lightning Bolt           Conj/Air       0%         1d11      100%        5
 Manifold Assault         Tloc           0%         N/A       100%        5
 Storm Form               Tmut/Air       0%         N/A       100%        7
 Borgnjor's Revivificati  Necr           0%         N/A       100%        8
 Maxwell's Capacitive Co  Air            0%         ∞         100%        8
 Necromutation            Tmut/Necr      0%         N/A       100%        8
 Death's Door             Necr           0%         N/A       100%        9


Dungeon Overview and Level Annotations

Branches:
Dungeon (5/15)
 Temple: D:4-7

Altars:
Ashenzari
Dithmenos

Shops:
D:1 (   D:4 (   D:5 :


Innate Abilities, Weirdness & Mutations

You are small and have problems with some larger weapons.
You are completely attuned to the shadows.


Message History

The black bear is severely wounded.
The black bear goes berserk!
You barely miss the black bear.
The black bear is severely wounded.
You hit the black bear.
The black bear is severely wounded.
The black bear bites you but does no damage.
The black bear closely misses you. x2
You closely miss the black bear.
The black bear is severely wounded.
The black bear bites you!
The black bear claws you but does no damage.
The black bear claws you.
You hit the black bear.
The black bear is almost dead.
The black bear bites you but does no damage.
The black bear misses you. The black bear closely misses you.
You hit the black bear.
The black bear is almost dead.
You hit the black bear but do no damage.
The black bear is almost dead.
The black bear bites you. The black bear claws you.
The black bear barely misses you.
You hit the black bear.
The black bear is almost dead.
The black bear bites you!
* * * LOW HITPOINT WARNING * * *
The black bear claws you.
* * * LOW HITPOINT WARNING * * *
The black bear completely misses you.
It was a potion of haste.
You feel yourself speed up. The black bear completely misses you.
The black bear claws you but does no damage.
The black bear misses you.
Okay, then.
The black bear attacks as you move away!
The black bear bites you but does no damage.
The black bear claws you but does no damage. x2
The black bear bites you.
You die...

...................#
...)..........##...#
..............##...#
..#...........###..#
..............####.###
.............##.....#
...................##
##.#.#####........<#
#..@####..........#
#...hh...###......#
#....###..# .......
#....##...# ##...##.
#........## ##......##
#!.#


You could see a black bear (berserk) and a hound.

Vanquished Creatures
  Grinder (D:4)
  A black bear (D:4)
  2 ogres (D:5)
  A jelly (D:5)
  An iguana (D:4)
  Natasha (D:4)
  4 adders
  A worm (D:4)
  3 dart slugs
  An orc (D:3)
  5 ball pythons
  3 endoplasms
  6 giant cockroaches
  6 goblins
  14 hobgoblins
  A jackal (D:1)
  5 quokkas
  6 bats
  10 frilled lizards (D:4)
  2 kobolds
  5 rats
79 creatures vanquished.

Vanquished Creatures (others)
  6 plants (D:4)
6 creatures vanquished.

Grand Total: 85 creatures vanquished

Notes
Turn   | Place    | Note
-------+----------+-------------------------------------------
     0 | D:1      | Setbun the Kobold Brigand began the quest for the Orb.
     0 | D:1      | Reached XP level 1. HP: 12/12 MP: 1/1
   232 | D:1      | Reached skill level 3 in Short Blades
   280 | D:1      | Reached XP level 2. HP: 17/17 MP: 2/2
   331 | D:1      | Found a faded altar of an unknown god.
   343 | D:1      | Reached skill level 4 in Short Blades
   476 | D:1      | Found Hoqehinu's Antique Weapon Shoppe.
   576 | D:1      | Reached XP level 3. HP: 21/21 MP: 3/3
  1204 | D:2      | Reached skill level 5 in Short Blades
  1312 | D:2      | Reached XP level 4. HP: 26/26 MP: 4/4
  1809 | D:3      | Found a shadowy altar of Dithmenos.
  1838 | D:3      | Reached skill level 6 in Short Blades
  2714 | D:3      | Reached XP level 5. HP: 28/30 MP: 5/5
  2836 | D:4      | Found a broken altar of Ashenzari.
  2851 | D:4      | Noticed a black bear
  2857 | D:4      | Found Vydiufymm's Antique Weapon Boutique.
  3148 | D:4      | Killed a black bear
  3149 | D:4      | Reached skill level 7 in Short Blades
  3149 | D:4      | Reached XP level 6. HP: 26/35 MP: 6/6
  3330 | D:4      | Reached skill level 8 in Short Blades
  3719 | D:4      | Noticed Grinder
  3723 | D:4      | Killed Grinder
  3724 | D:4      | Reached skill level 9 in Short Blades
  3724 | D:4      | Reached XP level 7. HP: 40/40 MP: 7/7
  3880 | D:4      | Noticed Natasha
  3883 | D:4      | Killed Natasha
  4198 | D:5      | Entered Level 5 of the Dungeon
  4213 | D:5      | Reached skill level 10 in Short Blades
  4215 | D:5      | Found Ulasoez's Book Shoppe.
  4277 | D:5      | Slain by a black bear

Illustrated notes

Levels and vault maps discovered:
D:1:      minmay_arrival_glassed_features, layout_loops_corners, serial_shops,
          nicolae_diamond_shop, basic_ecumenical_altar, minmay_tiny_reverse_x
D:2:      layout_loops_ring
D:3:      layout_loops_corners, nicolae_dithmenos_through_a_glass_darkly,
          amcnicky_mini_corridor_feature
D:4:      layout_basic, mainiacjoe_overflow_alcove_1, serial_shops,
          nicolae_shop_statue_plus, minmay_lizard_king, uniq_natasha,
          uniq_grinder
D:5:      layout_rooms, nicolae_overflow_hidden_temple,
          minmay_temple_entry_hall, serial_shops, nicolae_shop_crystal,
          hangedman_decor_slide_cut, kennysheep_decorative_pillar

Skill      XL: |  1  2  3  4  5  6  7 |
---------------+----------------------+-----
Short Blades   | 3 4 5 6 7 9 10 | 10.7
Fighting       | |  2.1
Throwing       | |  2.1
Dodging        | |  1.2
Stealth        | |  5.3

Action                   |  1- 3 |  4- 6 |  7- 9 || total
-------------------------+-------+-------+-------++-------
Melee: Dagger            |    72 |   116 |    41 ||   229
       Punch             |       |     2 |       ||     2
  Use: Potion            |       |       |     1 ||     1
 Stab: Sleeping          |    19 |    13 |     7 ||    39
Armor: Robe              |    12 |    25 |    16 ||    53
Dodge: Dodged            |    36 |    57 |    28 ||   121

Table legend: (Time is in decaauts)
 A = Elapsed time spent in this place.
 B = Non-inter-level travel time spent in this place.
 C = Inter-level travel time spent in this place.
 D = Time resting spent in this place.
 E = Time spent auto-exploring this place.
 F = Levels seen in this place.
 G = Mean time per level.
                   A        B        C        D        E       F      G
               +--------+--------+--------+--------+--------+-----+--------+
         Total |   4200 |   4055 |    145 |    314 |   3232 |   5 |  840.0 |
       Dungeon |   4200 |   4055 |    145 |    314 |   3232 |   5 |  840.0 |
               +--------+--------+--------+--------+--------+-----+--------+

Top non-repeatable levels by time:
     D:4: 1271 daAuts
     D:3: 1102 daAuts
     D:1: 977 daAuts
     D:2: 784 daAuts
     D:5: 64 daAuts
